 Dungeon Crawl Stone Soup version 0.27.0-1-g7a089689b8 (webtiles) character file.

Game seed: 12036924991586722245

143 Sin92 the Skirmisher (level 5, -2/44 (46) HPs)
             Began as a Minotaur Fighter on Aug 13, 2021.
             Was an Initiate of Okawaru.
             Slain by an orc (6 damage)
             ... on level 3 of the Dungeon.
             The game lasted 00:01:52 (1908 turns).

Sin92 the Skirmisher (Minotaur Fighter)             Turns: 1908, Time: 00:01:53

HP:   -2/44 (46)    AC:  9    Str: 20    XL:     5   Next: 4%
MP:   4/4           EV:  8    Int:  5    God:    Okawaru [......]
Gold: 32            SH: 10    Dex: 11    Spells: 4/4 levels left

rFire    . . .     SeeInvis .   a - +0 war axe
rCold    . . .     Faith    .   c - +1 kite shield
rNeg     . . .     Spirit   .   b - +0 scale mail
rPois    .         Reflect  .   (helmet restricted)
rElec    .         Harm     .   d - +1 cloak
rCorr    .         Rampage  .   (no gloves)
Will     .....                  (no boots)
Stlth    ..........             (no amulet)
HPRegen  0.14/turn              (no ring)
MPRegen  0.09/turn              (no ring)

@: lightly drained
A: horns 2, retaliatory headbutt
a: Renounce Religion


You were on level 3 of the Dungeon.
You worshipped Okawaru.
Okawaru was noncommittal.
You visited 1 branch of the dungeon, and saw 3 of its levels.

You collected 32 gold pieces.

Inventory:

Hand Weapons
 a - a +0 war axe (weapon)
Armour
 b - a +0 scale mail (worn)
 c - a +1 kite shield (worn)
 d - a +1 cloak (worn)
Scrolls
 e - a scroll of summoning {unknown}
 h - a scroll of enchant armour
Potions
 f - a potion of heal wounds {unknown}
 g - a potion of lignification {unknown}
 i - a potion of invisibility {unknown}
 j - a potion of cancellation {unknown}


   Skills:
 + Level 4.3 Fighting
 * Level 4.0 Axes
 + Level 4.2 Armour
 + Level 1.7 Dodging
 + Level 4.3 Shields
 + Level 1.1 Invocations


You had 4 spell levels left.
You didn't know any spells.
Your spell library contained the following spells:

 Spells                   Type           Power      Damage    Failure   Level
 Conjure Flame            Conj/Fire      0%         6-21      100%        3
 Ignite Poison            Fire/Tmut/Pois 0%         N/A       100%        3
 Sticky Flame             Conj/Fire      0%         2d3       100%        4
 Chain Lightning          Conj/Air       0%         N/A       100%        9
 Fire Storm               Conj/Fire      0%         5d1       100%        9


Dungeon Overview and Level Annotations

Branches:
Dungeon (3/15)

Altars:
Okawaru


Innate Abilities, Weirdness & Mutations

You have a pair of horns on your head.
You reflexively headbutt those who attack you in melee.


Message History

Beogh smites you!
You hear an angry hiss.
Found a book of Pain and a scroll labelled CESHEGHIJA.
There are monsters nearby!
You hit the orc priest but do no damage.
The orc priest invokes the aid of Beogh against you.
Beogh smites you!
* * * LOW HITPOINT WARNING * * *
The orc priest hits you but does no damage.
There are monsters nearby!
You are too injured to fight recklessly!
Unknown command.
You are too injured to fight recklessly!
Unknown command.
You are too injured to fight recklessly!
Unknown command.
You are too injured to fight recklessly!
As you read the scroll labelled CESHEGHIJA, it crumbles to dust.
It is a scroll of enchant armour.
Your +0 kite shield glows green for a moment.
You block the orc priest's attack.
You hit the orc priest.
The orc priest is lightly wounded.
You completely miss the orc.
An orc comes into view. It is wielding a +0 club.
The orc priest closely misses you.
The orc hits you with a +1 mace of draining.
* * * LOW HITPOINT WARNING * * *
You feel drained.
A jackal comes into view.
An adder comes into view.
The orc moves out of view.
The jackal barks!
You hit the orc priest.
The orc priest is heavily wounded.
You closely miss the orc. You block the orc's attack.
A jackal comes into view.
The orc priest hits you with a +0 dagger.
* * * LOW HITPOINT WARNING * * *
The orc hits you with a +1 mace of draining.
You die...

..#....
......#
:......
...h.ho ...S.
#.# o..# #.#
##oo# #.#
##@o.#
#.######..g.#
#.#...)..#..#
#.#.######..#
#.#.#.# ...#
#)#.#.# #...#
#.#...# .#...
#.#.### .#?..
#...###


You could see 2 orc priests, an orc wizard, an adder, 2 orcs, 2 jackals and a
hobgoblin.

Vanquished Creatures
  Crazy Yiuf (D:2)
  Jessica (D:2)
  2 adders (D:2)
  A worm (D:2)
  A dart slug (D:2)
  9 endoplasms
  5 giant cockroaches
  5 goblins
  4 hobgoblins
  5 jackals (D:2)
  A quokka (D:1)
  6 ball pythons
  8 bats
  2 frilled lizards (D:1)
  7 kobolds
  A rat (D:2)
59 creatures vanquished.

Notes
Turn   | Place    | Note
-------+----------+-------------------------------------------
     0 | D:1      | Sin92 the Minotaur Fighter began the quest for the Orb.
     0 | D:1      | Reached XP level 1. HP: 19/19 MP: 0/0
    23 | D:1      | Found a faded altar of an unknown god.
   120 | D:1      | Reached XP level 2. HP: 21/27 MP: 1/1
   592 | D:1      | Reached skill level 1 in Dodging
   741 | D:1      | Reached XP level 3. HP: 25/33 MP: 2/2
  1047 | D:2      | Found an iron altar of Okawaru.
  1082 | D:2      | Became a worshipper of Warmaster Okawaru
  1468 | D:2      | Reached XP level 4. HP: 39/40 MP: 3/3
  1679 | D:2      | Noticed Jessica
  1685 | D:2      | Killed Jessica
  1724 | D:2      | Found a runed translucent door.
  1725 | D:2      | Noticed Crazy Yiuf
  1834 | D:2      | Killed Crazy Yiuf
  1835 | D:2      | Reached skill level 1 in Invocations
  1835 | D:2      | Reached XP level 5. HP: 46/46 MP: 4/4
  1908 | D:3      | Slain by an orc

Illustrated notes

Levels and vault maps discovered:
D:1:      psy_arrival_statuary, layout_loops_cross,
          ebering_ecumenical_altar_rust, chequers_serial_rivers_micro_a
D:2:      layout_loops_cross, basic_altar, minivault_26,
          uniq_crazy_yiuf_cottage, uniq_jessica
D:3:      layout_rooms

Skill      XL: |  1  2  3  4 |
---------------+-------------+-----
Axes           | 3 4 |  4.0
Dodging        | 1 |  1.7
Armour         | 4 |  4.2
Shields        | 4 |  4.3
Fighting       | 4 |  4.3
Invocations    | 1 |  1.1

Action                   |  1- 3 |  4- 6 || total
-------------------------+-------+-------++-------
Melee: War axe           |    99 |    21 ||   120
       Headbutt          |    16 |     5 ||    21
  Use: Potion            |       |     1 ||     1
       Scroll            |       |     1 ||     1
Armor: Scale mail        |    63 |     7 ||    70
Dodge: Dodged            |    33 |     5 ||    38
Block: Kite shield       |    66 |    10 ||    76
